 Dungeon Crawl Stone Soup version 0.18-a0-1071-g9f02aef (webtiles) character file.

433 ErgoProxy the Sneak (level 7, -2/64 HPs)
             Began as a Kobold Assassin on Jan 14, 2016.
             Slain by a yak (6 damage)
             ... on level 4 of the Dungeon.
             The game lasted 00:15:11 (3188 turns).

ErgoProxy the Sneak (Kobold Assassin)               Turns: 3188, Time: 00:15:12

Health: -2/64      AC: 23    Str: 10    XL:     7   Next: 20%
Magic:  7/7        EV:  3    Int:  9    God:
Gold:   175        SH:  0    Dex: 19    Spells: 0 memorised, 6 levels left

rFire  . . .     SeeInvis .     a - +2 dagger
rCold  . . .     Gourm    .     (armour currently unavailable)
rNeg   + + +     Faith    .     (shield restricted)
rPois  +         Spirit   .     (helmet currently unavailable)
rElec  .         Dismiss  .     (cloak currently unavailable)
rCorr  .         Reflect  .     (gloves currently unavailable)
SustAt .         Harm     .     (boots currently unavailable)
MR     .....     NoTele   +     (no amulet)
Stlth  ++++++....               k - +4 ring of evasion
                                c - ring of wizardry

@: tree-form, not resistant to hostile enchantments, very stealthy
A: carnivore 3
a: no special abilities


You were on level 4 of the Dungeon.
You were not hungry.
You were a tree.
You visited 1 branch of the dungeon, and saw 5 of its levels.

You collected 175 gold pieces.

Inventory:

Hand Weapons
 a - a +2 dagger (weapon)
 b - a +1 blowgun
Missiles
 e - 27 poisoned needles
 f - 2 curare-tipped needles
 u - a throwing net (quivered)
Armour
 n - a +0 leather armour (melded)
 r - a +1 cloak of poison resistance (melded)
Jewellery
 c - a ring of wizardry (left branch)
 h - an uncursed amulet of regeneration {unknown}
 k - a +4 ring of evasion (right branch)
 q - an uncursed ring of positive energy
Scrolls
 s - 2 scrolls of enchant weapon
 w - a scroll of enchant armour {unknown}
 x - 2 scrolls of remove curse {unknown}
Potions
 d - a potion of cure mutation
 l - a potion of flight
 m - a potion of heal wounds {unknown}
 p - 2 potions of resistance
 v - a potion of poison {unknown}
Comestibles
 g - 4 meat rations
 j - a slice of pizza
 t - a beef jerky


   Skills:
 + Level 4.1 Fighting
 * Level 7.2 Short Blades
 - Level 2.1 Throwing
 - Level 1.2 Dodging
 + Level 7.3 Stealth


You had 6 spell levels left.
You didn't know any spells.

Dungeon Overview and Level Annotations

Branches:
Dungeon (5/15)
 Temple: D:4-7

Altars:
Dithmenos
Nemelex Xobeh
Pakellas
Qazlal

Annotations:
D:4 Grinder
D:5 Edmund


Innate Abilities, Weirdness & Mutations

You are small and have problems with some larger weapons.
You are carnivorous and can eat meat at any time.


Message History

The yak is severely wounded.
The yak gores you but does no damage.
You barely miss the yak.
The yak is severely wounded.
You hit the yak but do no damage.
The yak is severely wounded.
The yak gores you.
* * * LOW HITPOINT WARNING * * *
You barely miss the yak.
The yak is severely wounded.
The yak barely misses you.
You hit the yak.
The yak is severely wounded.
The yak barely misses you.
You closely miss the yak.
The yak is severely wounded.
You completely miss the yak.
The yak is severely wounded.
The yak gores you.
You die...

.##.######....###.#..##...##..#
###....##..##.........##......#
...###.##.######.........####.#
##.....<..............#### #.##
##..##.##.#..####...#..# #..#
...###..#.#.......#.#### ##.#
#### ##...#.....###.## #.# ####
##.#####...##..#### #.# .<|##
##....###.♣Y......# #.#
....###..##.###.####.##.# #.#
.....##.###........#(.(># #.#
.....................#### #.#
.....##.############...#### #.#
........# #......# #.#
......### #..###.# #.# .....##
#..# #.####.# ....## #..#
#....#.#


You could see a yak.

Vanquished Creatures
  A phantom (D:4)
  A scorpion (D:4)
  A giant frog zombie (D:5)
  Crazy Yiuf (D:2)
  An iguana (D:4)
  A worker ant (D:4)
  A hound skeleton (D:4)
  5 gnolls
  5 adders
  2 oozes (D:2)
  3 worms
  4 giant geckos
  An orc (D:3)
  5 giant cockroaches
  3 goblins (D:1)
  4 hobgoblins
  2 jackals (D:1)
  5 quokkas
  A ball python (D:4)
  5 bats
  A giant gecko skeleton (D:4)
  4 giant newts
  7 kobolds
  6 rats
  2 fungi (D:2)
72 creatures vanquished.

Notes
Turn   | Place    | Note
--------------------------------------------------------------
     0 | D:1      | ErgoProxy the Kobold Assassin began the quest for the Orb.
     0 | D:1      | Reached XP level 1. HP: 12/12 MP: 1/1
   146 | D:1      | Reached XP level 2. HP: 17/17 MP: 2/2
   539 | D:2      | Reached XP level 3. HP: 22/22 MP: 3/3
   797 | D:2      | Found an oddly glowing altar of Pakellas.
   797 | D:2      | Found a stormy altar of Qazlal.
  1055 | D:2      | Reached skill level 6 in Stealth
  1101 | D:2      | Reached XP level 4. HP: 27/27 MP: 4/4
  1499 | D:2      | Noticed Crazy Yiuf
  1503 | D:2      | Killed Crazy Yiuf
  1503 | D:2      | Reached skill level 5 in Short Blades
  1503 | D:2      | Reached XP level 5. HP: 30/32 MP: 5/5
  2302 | D:4      | Found a sparkling altar of Nemelex Xobeh.
  2327 | D:4      | Noticed Grinder
  2448 | D:4      | Reached XP level 6. HP: 35/37 MP: 6/6
  2481 | D:4      | Found a shadowy altar of Dithmenos.
  2589 | D:4      | Noticed a phantom
  2594 | D:4      | Killed a phantom
  2594 | D:4      | Reached skill level 7 in Stealth
  2698 | D:4      | Reached XP level 7. HP: 43/43 MP: 7/7
  2841 | D:5      | Entered Level 5 of the Dungeon
  2842 | D:5      | Noticed Edmund
  2865 | D:5      | Noticed a yak
  3081 | D:5      | Noticed a yak
  3081 | D:5      | Noticed a yak
  3184 | D:4      | HP: 3/64 [yak (5)]
  3188 | D:4      | Slain by a yak

Vault maps used:
D:1:      minmay_arrival_open_corners
D:2:      amethyst_overflow_temple_binary, first_bread, uniq_crazy_yiuf_cottage
D:4:      old_standard_altar, nemelex_xobeh_ov_fountains_minmay,
          grunt_decor_mini_mirrors, uniq_grinder
D:5:      hangedman_decor_peaks_small, uniq_edmund

Action                   |  1- 3 |  4- 6 |  7- 9 || total
-------------------------+-------+-------+-------++-------
Melee: Dagger            |    90 |   180 |    62 ||   332
 Fire: Blowgun           |       |       |     4 ||     4
  Use: Scroll            |     4 |     7 |       ||    11
       Potion            |       |       |     2 ||     2
 Stab: Sleeping          |     9 |    14 |       ||    23
       Distracted        |     1 |     1 |       ||     2
  Eat: Chunk             |       |     4 |     4 ||     8
